 Dungeon Crawl Stone Soup version 0.22.1-1-ga44c0e56f4 (webtiles) character file.

43 Kohma the Sneak (level 3, -5/18 HPs)
             Began as a Spriggan Assassin on Oct 9, 2018.
             Shot with an arrow by a centaur (9 damage)
             ... on level 2 of the Dungeon.
             The game lasted 00:08:40 (1236 turns).

Kohma the Sneak (Spriggan Assassin)                 Turns: 1236, Time: 00:08:40

Health: -5/18      AC:  3    Str:  7    XL:     3   Next: 37%
Magic:  4/4        EV: 17    Int: 12    God:
Gold:   97         SH:  6    Dex: 18    Spells: 2/2 levels left

rFire    . . .     SeeInvis +   b - +0 blowgun
rCold    . . .     Gourm    .   l - +0 buckler
rNeg     . . .     Faith    .   c - +0 robe
rPois    .         Spirit   .   (helmet restricted)
rElec    .         Reflect  .   d - +0 cloak
rCorr    .         Harm     .   (gloves unavailable)
MR       .....                  (boots unavailable)
Stlth    +++.......             (no amulet)
HPRegen  0.06/turn              (no ring)
MPRegen  0.09/turn              (no ring)

@: very quick
A: very small, unfitting armour, see invisible, herbivore, speed 3, slow
metabolism 2
a: no special abilities


You were on level 2 of the Dungeon.
You were not hungry.

You visited 1 branch of the dungeon, and saw 2 of its levels.

You collected 97 gold pieces.

Inventory:

Hand Weapons
 a - a +2 dagger
 b - a +0 blowgun (weapon)
Missiles
 e - 6 poisoned needles (quivered)
 f - 2 curare-tipped needles {!f}
Armour
 c - a +0 robe (worn)
 d - a +0 cloak (worn)
 l - a +0 buckler (worn)
Scrolls
 i - 2 scrolls of random uselessness {unknown}
 j - a scroll of identify {unknown}
Potions
 h - a potion of mutation {unknown}
 k - a potion of cancellation {unknown}
 m - a potion of invisibility {unknown}
 n - 2 potions of lignification {unknown}
Comestibles
 g - 2 rations


   Skills:
 - Level 1.5 Fighting
 - Level 2.5 Short Blades
 + Level 2.8 Throwing
 + Level 2.5 Dodging
 - Level 6.1 Stealth
 * Level 0.6 Shields


You had 2 spell levels left.
You didn't know any spells.
Your spell library was empty.

Dungeon Overview and Level Annotations

Branches:
Dungeon (2/15)

Altars:


Innate Abilities, Weirdness & Mutations

You are very small and have problems with some larger weapons.
You are too small for most types of armour.
You have supernaturally acute eyesight. (SInv)
You are a herbivore.
You cover ground extremely quickly.
You need to consume almost no food.


Message History

There is an open door here.
A hobgoblin comes into view.
Found a robe.
A centaur comes into view.
Found a stone staircase leading down.
Firing (i - inventory. (/) - cycle)
e - 7 poisoned needles (quivered)
Press: ? - help, Shift-Dir - straight line, f - centaur
Aim: a centaur (resting)
You shoot a poisoned needle. The poisoned needle hits the centaur!
The centaur is poisoned.
The centaur shouts!
The centaur wields a shortbow.
The centaur shoots an arrow.
The arrow hits you.
There is an open door here.
There is an open door here.
There is an open door here.
The centaur shoots an arrow.
The arrow hits you!
* * * LOW HITPOINT WARNING * * *
The centaur shoots an arrow.
The arrow hits you!
Ouch! That really hurt!
You die...

#.♣♣.♣.....# ♣♣.
#.........## ♣♣.
#........## ♣P.
#........# ♣..
#######'## ♣♣. ...
#.# #+# ♣. .... #.#
#.# ♣♣. ....### #.#
#.# ###.. ..[....
##@#### #.# #...#
....... #.....# #.#
♣.♣.# (...... #..†..#
#.# ♣.♣.#
...c.g.######.....#
##'##♣.♣##
>......(....c.....#
#....♣.♣
#############.....#
#....♣.♣ #.....#
#....♣.♣
###.....####......##
#.........<#.......##


You could see a centaur.

Vanquished Creatures
  An adder (D:2)
  An ooze (D:2)
  2 worms (D:2)
  2 dart slugs (D:1)
  A leopard gecko (D:1)
  6 bats
  2 goblins (D:1)
  A hobgoblin (D:1)
  2 frilled lizards
  2 kobolds
  2 rats
22 creatures vanquished.

Notes
Turn   | Place    | Note
-------+----------+-------------------------------------------
     0 | D:1      | Kohma the Spriggan Assassin began the quest for the Orb.
     0 | D:1      | Reached XP level 1. HP: 10/10 MP: 2/2
   160 | D:1      | Reached skill level 6 in Stealth
   196 | D:1      | Reached XP level 2. HP: 14/14 MP: 3/3
   914 | D:2      | Reached XP level 3. HP: 18/18 MP: 4/4
  1217 | D:2      | Noticed a centaur
  1236 | D:2      | Shot with an arrow by a centaur

Skill      XL: |  1  2 |
---------------+-------+-----
Stealth        | 6 |  6.1
Dodging        | 2 |  2.5
Fighting       | |  1.5
Short Blades   | |  2.5
Throwing       | |  2.8
Shields        | |  0.6

Action                   || total
-------------------------++-------
Melee: Dagger            ||    35
 Fire: Blowgun           ||    40
 Stab: Sleeping          ||     6
Armor: Robe              ||     2
Dodge: Dodged            ||    13
Block: Buckler           ||     3
